 Dungeon Crawl Stone Soup version 0.28-a0-1629-gf728b707aa (webtiles) character file.

Game seed: 1394731813116300293

65 fragbeetle the Chiller (level 4, 0/32 HPs)
             Began as a Merfolk Ice Elementalist on Jan 24, 2022.
             Slain by a worm (9 damage)
             ... on level 2 of the Dungeon.
             The game lasted 00:03:31 (2245 turns).

fragbeetle the Chiller (Merfolk Ice Elementalist)   Turns: 2245, Time: 00:03:32

Health: 0/32       AC:  2    Str: 10    XL:     4   Next: 14%
Magic:  0/7        EV: 13    Int: 14    God:
Gold:   78         SH:  0    Dex: 14    Spells: 3/7 levels left

rFire   . . .      SeeInvis .   e - staff of conjuration
rCold   . . .      Faith    .   (no shield)
rNeg    . . .      Spirit   .   a - +0 robe
rPois   .          Reflect  .   (no helmet)
rElec   .          Harm     .   (no cloak)
rCorr   .          Rampage  .   (no gloves)
Will    .....                   (no boots)
Stlth   ++........              (no amulet)
HPRegen 0.10/turn               (no ring)
MPRegen 0.10/turn               (no ring)

@: no status effects
A: (nimble swimmer 2), mertail
a: no special abilities


You were on level 2 of the Dungeon.
You visited 1 branch of the dungeon, and saw 2 of its levels.

You collected 78 gold pieces.

Inventory:

Hand Weapons
 b - a +0 hand axe
Armour
 a - a +0 robe (worn)
Magical Staves
 e - a staff of conjuration (weapon)
Scrolls
 c - a scroll of blinking {unknown}
 f - 3 scrolls of amnesia {unknown}
 g - a scroll of silence {unknown}
Potions
 d - a potion of degeneration {unknown}
 h - a potion of heal wounds {unknown}


   Skills:
 + Level 1.5 Fighting
 + Level 3.4 Dodging
 + Level 2.9 Stealth
 - Level 2.0 Spellcasting
 * Level 5.1 Ice Magic


You had 3 spell levels left.
You knew the following spells:

 Your Spells              Type           Power      Damage    Failure   Level
a - Freeze                Ice            60%        1d8       2%          1
b - Frozen Ramparts       Ice            30%        1d5       9%          3

Your spell library contained the following spells:

 Spells                   Type           Power      Damage    Failure   Level
 Ozocubu's Armour         Ice            15%        N/A       9%          3
 Sublimation of Blood     Necr           1%         N/A       34%         2
 Hailstorm                Conj/Ice       12%        3d5       63%         4
 Petrify                  Tmut/Erth      1%         N/A       93%         4
 Irradiate                Conj/Tmut      1%         3d14      100%        5


Dungeon Overview and Level Annotations

Branches:
Dungeon (2/15)

Altars:


Innate Abilities, Weirdness & Mutations

((You are very nimble when in or above water. (Stealth+, EV+, Speed+++)))
Your lower body shifts to a powerful aquatic tail in water.


Message History

The frilled lizard hisses angrily.
A frilled lizard is nearby!
The frilled lizard completely misses you.
You closely miss the frilled lizard. The frilled lizard bites you.
You miss the frilled lizard. The frilled lizard barely misses you.
You hit the frilled lizard.
You kill the frilled lizard!
h - an emerald potion You now have 78 gold pieces (gained 9).
A worm comes into view.
You freeze the worm.
The worm is lightly wounded.
You freeze the worm.
The worm is lightly wounded.
The worm bites you!
You freeze the worm.
The worm is moderately wounded.
The worm bites you.
You freeze the worm.
The worm is moderately wounded.
You freeze the worm.
The worm is severely wounded.
The worm bites you!
* * * LOW HITPOINT WARNING * * *
Casting: Freeze (safe; 2% risk of failure)
Confirm with . or Enter, or press ? or * to list all spells.
Aiming: Freeze (safe; 2% risk of failure)
Press: ? - help, Shift-Dir - straight line, f/p - worm
Aim: a worm (severely wounded)
You freeze the worm.
The worm is almost dead.
Casting: Freeze (safe; 2% risk of failure)
Confirm with . or Enter, or press ? or * to list all spells.
Aiming: Freeze (safe; 2% risk of failure)
Press: ? - help, Shift-Dir - straight line, f/p - worm
Aim: a worm (almost dead)
You freeze the worm.
The worm is almost dead.
The worm bites you!
You die...

... #.## #...
###..# ....# ...
#w# #@# #.# #.# .
#.# .. #.# .. #.# .
#######.#### # #
#..........# #
#.######..........#


You could see a worm.

Vanquished Creatures
  An adder (D:2)
  A dart slug (D:2)
  An orc (D:2)
  7 ball pythons
  4 endoplasms
  2 giant cockroaches (D:1)
  3 goblins (D:1)
  7 hobgoblins
  2 jackals (D:1)
  A quokka (D:1)
  3 bats
  4 frilled lizards
  5 kobolds
  8 rats
49 creatures vanquished.

Notes
Turn   | Place    | Note
-------+----------+-------------------------------------------
     0 | D:1      | fragbeetle the Merfolk Ice Elementalist began the quest for
                  | the Orb.
     0 | D:1      | Reached XP level 1. HP: 13/13 MP: 3/3
    63 | D:1      | You fall into a shaft and drop 1 floor!
    78 | D:2      | Reached XP level 2. HP: 8/20 MP: 1/5
   565 | D:1      | Found a faded altar of an unknown god.
   597 | D:1      | Reached skill level 1 in Fighting
   882 | D:1      | Reached XP level 3. HP: 26/26 MP: 3/6
  1773 | D:1      | Learned a level 3 spell: Frozen Ramparts
  1856 | D:2      | Reached skill level 5 in Ice Magic
  2082 | D:2      | Reached XP level 4. HP: 28/32 MP: 3/7
  2245 | D:2      | Slain by a worm

Illustrated notes

Levels and vault maps discovered:
D:1:      onia_arrival_pentagram, layout_basic,
          nicolae_ecumenical_snake_handling, grunt_decor_cap, st_stairs_8
D:2:      layout_rooms, serial_shops, shop_fountains, minmay_pentomino_p4

Skill      XL: |  1  2  3 |
---------------+----------+-----
Dodging        | 3 |  3.4
Fighting       | 1 |  1.5
Ice Magic      | 5 |  5.1
Stealth        | |  2.9
Spellcasting   | |  2.0

Action                   |  1- 3 |  4- 6 || total
-------------------------+-------+-------++-------
Melee: Hand axe          |    19 |       ||    19
       Staff             |    51 |     9 ||    60
       Punch             |     2 |       ||     2
 Cast: Freeze            |    47 |    10 ||    57
 Stab: Sleeping          |     8 |       ||     8
Armor: Robe              |    19 |     1 ||    20
Dodge: Dodged            |    78 |     4 ||    82

Table legend: (Time is in decaauts)
 A = Elapsed time spent in this place.
 B = Non-inter-level travel time spent in this place.
 C = Inter-level travel time spent in this place.
 D = Time resting spent in this place.
 E = Time spent auto-exploring this place.
 F = Levels seen in this place.
 G = Mean time per level.
                   A        B        C        D        E       F      G
               +--------+--------+--------+--------+--------+-----+--------+
         Total |   2264 |   2194 |     70 |    206 |   1565 |   2 | 1132.0 |
       Dungeon |   2264 |   2194 |     70 |    206 |   1565 |   2 | 1132.0 |
               +--------+--------+--------+--------+--------+-----+--------+

Top non-repeatable levels by time:
     D:1: 1559 daAuts
     D:2: 704 daAuts
